AoeStats
← rissole5.com

Arabia

510434244Analyzed
1v1 RM · 2d ago on Oct 1, 2026· 36m 38s· 2 players
Game mode
Random Map
Map size
Tiny (2 player)
Population
200
Speed
Normal
Resources
Standard
Victory
Conquest
Starting age
Dark Age
Ending age
Imperial Age
RankedLock teamsTeams togetherTeam positionsShared explorationLock speedFull tech treeHidden civsTurbo modeCheats
Victory
Defeat
🇧🇷 Persians · Brazil
826
+15
🇦🇺 Vietnamese · Australia
814
-39
rissole5.com
8:57 Loom
13:39 Feudal Age
15:23 Wheelbarrow
15:33 Man-at-Arms
16:15 Horse Collar
27:42 Stone Mining
27:45 Gold Mining
29:11 Double-Bit Axe
34:19 Castle Age
Vândalo
9:38 Loom
11:23 Feudal Age
15:35 Castle Age
13:42 Double-Bit Axe
15:00 Horse Collar
19:57 Man-at-Arms
24:47 Bow Saw
29:20 Crossbowman
32:11 Fletching
36:05 Bodkin Arrow
Connection lost

Rejoining the realm…

Still unreachable

The connection could not be restored.

Session expired

The server has moved on; the page needs a fresh start.